[Event "Early-Titled-Tuesday-Blitz-September-12-2023"]
[Site "Chess.com"]
[Date "2023.09.12"]
[Round "9"]
[White "ErikRonka"]
[Black "wqws"]
[Result "1-0"]
[WhiteElo "2534"]
[BlackElo "2662"]
[TimeControl "180+1"]
[EndTime "9:45:40 PDT"]
[Termination "ErikRonka won by resignation"]

1. e4 c5 2. Nf3 d6 3. d4 cxd4 4.
Nxd4 Nf6 5. Nc3 a6 6. Nb3 e5 7.
Bg5 Be7 8. Bxf6 Bxf6 9. Qd3 Be6 10.
O-O-O Nc6 11. Qxd6 Qxd6 12. Rxd6 Be7 13. Rd1 O-O 14. Nd5 Bd6 15. Nb6 Rad8 16. Bc4 a5 17.
Bxe6 fxe6 18. f3 Nd4 19. Nc4 Bc7 20. c3 Nxb3+ 21. axb3 b5 22. Ne3 h5 23. Rxd8 Rxd8 24. Rd1 Rxd1+ 25. Kxd1 Kf7 26. Kd2 Bb6 27. Kd3 Bc5 28.
Nc2 Kf6 29. b4 axb4 30. cxb4 Bg1 31. h3 Kg5 32. Na3 Kf4 33. Ke2 Kg3 34. Kf1 Bd4 35. Nxb5 Bxb2 36. Nc7 g5 37. Nxe6 g4 38. hxg4 hxg4 39.
Ke2 Bc3 40. b5 Ba5 41. Nc5 Bb6 42. Nd7 Bd4 43. b6 1-0

[Event "Early-Titled-Tuesday-Blitz-September-12-2023"]
[Site "Chess.com"]
[Date "2023.09.12"]
[Round "9"]
[White "MITerryble"]
[Black "GMBenjaminBok"]
[Result "0-1"]
[WhiteElo "2949"]
[BlackElo "3023"]
[TimeControl "180+1"]
[EndTime "9:45:41 PDT"]
[Termination "GMBenjaminBok won by checkmate"]

1. Nf3 Nf6 2. e3 d5 3. b4 Bg4 4.
Bb2 e6 5. a3 Nbd7 6. h3 Bh5 7. c4 c6 8. Qb3 Bd6 9. d4 Bxf3 10.
gxf3 O-O 11. c5 Bc7 12. f4 Ne4 13. Nc3 Nxc3 14. Bxc3 Qe7 15. Bg2 f6 16. O-O Kh8 17.
b5 Rac8 18. bxc6 bxc6 19. Qb7 Bb8 20. Rab1 Rg8 21. e4 Bxf4 22. Rfe1 Qf7 23. exd5 exd5 24. Rb2 Rc7 25. Qa6 Nf8 26. Rbe2 Ng6 27. Re6 Nh4 28.
Kh1 Qg6 29. Qf1 Qf5 30. Ba5 Rcc8 31. Re7 h6 32. Rxa7 Ra8 33. Bb6 Rxa7 34. Bxa7 Ra8 35. Bb6 Rxa3 36. f3 Ra2 37. Re2 Rxe2 38. Qxe2 Qb1+ 39.
Bf1 Qc1 40. Kg1 Nf5 41. Qe8+ Kh7 42. Kg2 Ne3+ 43. Kf2 Qxf1# 0-1

[Event "Early-Titled-Tuesday-Blitz-September-12-2023"]
[Site "Chess.com"]
[Date "2023.09.12"]
[Round "9"]
[White "amintabatabaei"]
[Black "bardiya_Daneshvar"]
[Result "1-0"]
[WhiteElo "3057"]
[BlackElo "2951"]
[TimeControl "180+1"]
[EndTime "9:45:41 PDT"]
[Termination "amintabatabaei won on time"]

1. Nf3 d5 2. g3 g6 3. Bg2 Bg7 4. d4 Nf6 5. O-O O-O 6. c4 c6 7. Nc3 dxc4 8. e4 b5 9. Qe2 Na6 10. Rd1 Nb4 11. Be3 Bb7 12. a3 Nd3 13. Ne5 Nxe5 14.
dxe5 Nd7 15. e6 fxe6 16. Bh3 Bc8 17. Bxe6+ Kh8 18. Qg4 Ne5 19. Rxd8 Nxg4 20. Rxc8 Raxc8 21. Bxg4 Rcd8 22. Bxa7 Rd2 23. Rb1 Bh6 24. Bc5 Rc2 25.
f4 Rd8 26. Bd1 Rcd2 27. Bxe7 R8d3 28. e5 Re3 29. Bg4 g5 30. Bc5 gxf4 31. Bxe3 fxe3 32. e6 Kg8 33. Rd1 Bg7 34. Rxd2 exd2 35. Nd1 Bxb2 36. Kf2 Bxa3 37. Ke3 Bc1 38. Kd4 Kf8 39. Bf3 Ke7 40. Bxc6 1-0

[Event "Early-Titled-Tuesday-Blitz-September-12-2023"]
[Site "Chess.com"]
[Date "2023.09.12"]
[Round "9"]
[White "BeautiFullMindChess"]
[Black "falzehope0"]
[Result "1-0"]
[WhiteElo "2207"]
[BlackElo "2405"]
[TimeControl "180+1"]
[EndTime "9:45:43 PDT"]
[Termination "BeautiFullMindChess won by checkmate"]

1. e4 d5 2. exd5 Nf6 3. Nf3 Qxd5 4. Nc3 Qh5 5. Be2 Bg4 6. Nb5 Na6 7. a4 c6 8. Nc3 O-O-O 9. O-O e5 10. Nxe5 Bd6 11.
Bxg4+ Nxg4 12. Qxg4+ Qxg4 13. Nxg4 Nb4 14. Ne3 g6 15.
Na2 Na6 16. d3 f5 17. Bd2 Rhe8 18. Rfe1 Bc7 19. Nc4 Rf8 20. b4 Rde8 21. b5 Nc5 22. Bb4 b6 23. Bxc5 bxc5 24. bxc6 g5 25. Nc3 f4 26. Nb5 Rxe1+ 27. Rxe1 g4 28. Nxa7+ Kb8 29.
Nb5 Kc8 30. a5 g3 31. hxg3 fxg3 32. fxg3 Bxg3 33. Rf1 Bh2+ 34. Kxh2 Rxf1 35. a6 Ra1 36. a7 Rxa7 37. Nxa7+ Kc7 38. Nb5+ Kxc6 39. Nc3 Kd7 40. Kg3 Ke6 41. Kf4 h6 42. Ne4 Kd5 43. g4 Kd4 44. Kf5 Kd5 45. c3 Kc6 46. Kg6 Kd5 47. Kxh6 Ke6 48.
Kg5 Kf7 49. Kf5 Kg7 50. Ke5 Kf7 51. Kd5 Ke7 52. Kxc5 Kd7 53. Kd5 Ke7 54. Ne5 Kf8 55.
c4 Ke7 56. c5 Ke8 57. c6 Ke7 58. d4 Ke8 59. Kc5 Kd8 60. d5 Ke7 61. g5 Ke8 62. g6 Kf8 63. c7 Ke7 64. Nc3 Kf6 65. Nc4 Kxg6 66. c8=Q Kf6 67. Qe6+ Kg7 68. Qe2 Kf6 69. d6 Kf7 70. d7 Kf6 71. d8=Q+ Kf7 72. Qd7+ Kf6 73. Qde6+ Kg5 74. Q2g4# 1-0

[Event "Early-Titled-Tuesday-Blitz-September-12-2023"]
[Site "Chess.com"]
[Date "2023.09.12"]
[Round "9"]
[White "the_chess_child"]
[Black "IwkooO"]
[Result "0-1"]
[WhiteElo "2878"]
[BlackElo "2660"]
[TimeControl "180+1"]
[EndTime "9:45:44 PDT"]
[Termination "IwkooO won by checkmate"]

1. e4 e6 2. d3 c5 3. Nf3 Nc6 4. g3 e5 5. Bg2 g6 6. O-O Bg7 7. Nc3 Nge7 8. Nd2 d6 9. Nc4 O-O 10. Nd5 Nxd5 11. exd5 Ne7 12. a4 b6 13. c3 Bb7 14.
Ne3 f5 15. a5 f4 16. a6 Bc8 17. Nc4 g5 18. Re1 Ng6 19. Qa4 Bd7 20. Qc2 Bf5 21. Qe2 Qd7 22. Be4 Rae8 23. f3 h5 24. Bxf5 Rxf5 25. Qe4 Ref8 26. g4 hxg4 27. fxg4 R5f6 28.
h3 Nh4 29. Nd2 f3 30. Kf2 Rf4 31. Qe3 Ng2 32. Qe4 Rxe4 33. Rxe4 Bh6 34. Nf1 Nh4 35. Ng3 Qb5 36. Rc4 Qb3 37. Ne4 Qc2+ 38. Bd2 Qxd3 39. Nxd6 Qxd2+ 40. Kg3 Qg2# 0-1

[Event "Early-Titled-Tuesday-Blitz-September-12-2023"]
[Site "Chess.com"]
[Date "2023.09.12"]
[Round "9"]
[White "Aradhya2000"]
[Black "DanyKopy"]
[Result "1-0"]
[WhiteElo "2704"]
[BlackElo "2528"]
[TimeControl "180+1"]
[EndTime "9:45:44 PDT"]
[Termination "Aradhya2000 won by resignation"]

1. d4 Nf6 2. c4 e6 3. Nf3 d5 4.
g3 Be7 5. Bg2 O-O 6. O-O c6 7.
b3 Nbd7 8. Nc3 b6 9. Bb2 Bb7 10.
Qc2 Rc8 11. Rad1 Qc7 12. Rfe1 Bb4 13. a3 Bxc3 14. Bxc3 Ne4 15. Bb2 c5 16. cxd5 Bxd5 17. Ne5 cxd4 18. Qxc7 Rxc7 19. Nxd7 Rxd7 20. Rxd4 Nf6 21.
Bxd5 Rxd5 22. Rc1 Rxd4 23. Bxd4 Rd8 24. e3 h6 25. Rc7 Rd7 26. Rc8+ Kh7 27. a4 Nd5 28.
Kg2 Rc7 29. Ra8 Nb4 30. a5 Nc6 31. axb6 axb6 32. Bxb6 Rb7 33. Bc5 Rxb3 34. Ra6 Ne5 35. Bd4 Nd3 36. f4 g5 37. f5 exf5 38. Rf6 Ra3 39. Rxf7+ Kg6 40. Rf6+ Kh5 41. Rxf5 Ra2+ 42. Kf3 Rxh2 43. g4+ Kh4 44. e4 Rf2+ 45. Bxf2+ Kh3 46. Bg3 1-0

[Event "Early-Titled-Tuesday-Blitz-September-12-2023"]
[Site "Chess.com"]
[Date "2023.09.12"]
[Round "9"]
[White "GlavkonVVS"]
[Black "Chessmissile07"]
[Result "1-0"]
[WhiteElo "2586"]
[BlackElo "2851"]
[TimeControl "180+1"]
[EndTime "9:45:44 PDT"]
[Termination "GlavkonVVS won by checkmate"]

1. c4 c5 2. Nc3 Nc6 3. g3 g6 4. Bg2 Bg7 5. Nf3 d6 6. d3 Nh6 7. O-O Nf5 8. Bd2 h5 9. h4 Bd7 10. a3 a5 11. Rb1 O-O 12. Ne1 e5 13. Nc2 a4 14. Ne3 Nxe3 15. Bxe3 Nd4 16. Bxb7 Ra7 17. Bg2 Be6 18. Bxd4 exd4 19. Nxa4 Bd7 20. b3 Qa5 21. Qc2 Bh6 22. Bd5 Re8 23. Rfe1 Bg4 24. Kf1 Rae7 25.
b4 Qc7 26. Bf3 Bh3+ 27. Kg1 Bd7 28. b5 Qa5 29. Qb3 Bd2 30. Red1 Rxe2 31. Bxe2 Rxe2 32. Qc2 Bg4 33. b6 Bb4 34. axb4 cxb4 35. b7 Rxc2 36. b8=Q+ Kg7 37. Qxb4 Qf5 38. Rf1 Qf3 39. Qb7 Qf5 40.
Qd5 Qf6 41. Rb6 Bh3 42. Qxd6 Qf5 43. Qxd4+ Kh7 44. Rf6 Qc8 45. Rxf7+ Kg8 46. Qg7# 1-0

[Event "Early-Titled-Tuesday-Blitz-September-12-2023"]
[Site "Chess.com"]
[Date "2023.09.12"]
[Round "9"]
[White "ljuks68"]
[Black "valemava"]
[Result "0-1"]
[WhiteElo "2425"]
[BlackElo "2323"]
[TimeControl "180+1"]
[EndTime "9:45:44 PDT"]
[Termination "valemava won on time"]

1. e4 c5 2. Nf3 Qa5 3. Be2 a6 4. O-O b5 5. d4 cxd4 6. Nxd4 Bb7 7. Bf3 Nc6 8. Nb3 Qc7 9. Nc5 Bc8 10. Be3 e6 11.
Nd3 d6 12. a4 b4 13. a5 Bb7 14. Bb6 Qd7 15. Qd2 Ne5 16. Nxe5 dxe5 17. Qg5 f6 18.
Qg4 Nh6 19. Qh3 Be7 20. Rd1 Qc6 21. Nd2 O-O 22. Nb3 Nf7 23. Rac1 Qa4 24. Qxe6 Rae8 25.
Qd7 Bc6 26. Qd3 Bb5 27. Qe3 Bc4 28. Nc5 Qc6 29. Nd7 Ng5 30. Nxf8 Bxf8 31. Be2 Ne6 32.
Bxc4 Qxc4 33. Qd3 Qa2 34. Qb3 Qxb3 35. cxb3 h5 36. Rc6 h4 37. h3 Kh7 38. Be3 Kg6 39. Rxa6 Nc5 40. Bxc5 Bxc5 41. Rc6 Bd4 42. a6 Ra8 43.
Ra1 Bxb2 44. Ra4 Bd4 45. Rxb4 Kg5 46. Rb7 g6 47. a7 Bxa7 0-1

[Event "Early-Titled-Tuesday-Blitz-September-12-2023"]
[Site "Chess.com"]
[Date "2023.09.12"]
[Round "9"]
[White "Nf3c5"]
[Black "chessdjw"]
[Result "1-0"]
[WhiteElo "2592"]
[BlackElo "2744"]
[TimeControl "180+1"]
[EndTime "9:45:46 PDT"]
[Termination "Nf3c5 won by resignation"]

1. d4 Nf6 2. c4 e6 3. Nc3 Bb4 4. e3 O-O 5. Bd3 c5 6. a3 cxd4 7. axb4 dxc3 8. bxc3 d6 9. Nf3 e5 10. Qc2 Re8 11. Ng5 h6 12. Ne4 Nxe4 13. Bxe4 Qc7 14.
Bd5 Be6 15. e4 Bxd5 16. cxd5 Qc4 17. Bd2 Nd7 18. f3 f5 19. exf5 Nf6 20. Kf2 Nxd5 21. Qe4 Rec8 22. Rhc1 a6 23. Qxc4 Rxc4 24. Ke2 Rac8 25.
Kd3 h5 26. g3 Kf7 27. h3 Ne7 28. g4 d5 29. b5 axb5 30. Rab1 hxg4 31. hxg4 e4+ 32. fxe4 dxe4+ 33. Ke2 e3 34. Bxe3 Rxg4 35. Rxb5 Rc7 36. Bd2 Rg2+ 37. Ke3 Rd7 38. Be1 Nd5+ 39. Kf3 Rg1 40. Rcb1 Rf1+ 41. Ke2 Rxf5 42. Rxb7 Re5+ 43. Kf1 Ne3+ 44. Kg1 Rxb7 45. Rxb7+ Kf6 46. Bf2 Nd1 47. Bd4 g5 48. Rb6+ Kf5 49. Bxe5 Kxe5 50. Rb5+ Ke4 51.
c4 Kd4 52. Rd5+ Kxc4 53. Rxd1 g4 54. Kg2 g3 55. Kxg3 1-0

[Event "Early-Titled-Tuesday-Blitz-September-12-2023"]
[Site "Chess.com"]
[Date "2023.09.12"]
[Round "9"]
[White "itsdsyr"]
[Black "M_One1126"]
[Result "1/2-1/2"]
[WhiteElo "2246"]
[BlackElo "2570"]
[TimeControl "180+1"]
[EndTime "9:45:46 PDT"]
[Termination "Game drawn by 50-move rule"]

1. d4 Nf6 2. c4 c6 3. Nf3 d5 4. Nc3 dxc4 5. a4 Bf5 6. e3 e6 7. Bxc4 Bb4 8. O-O Nbd7 9. Qe2 Bg4 10. h3 Bh5 11. e4 Bxf3 12. Qxf3 Nb6 13. Bb3 Qxd4 14. Rd1 Qe5 15. Bf4 Qh5 16. g4 Qa5 17. Na2 Be7 18. Bd2 Qe5 19. a5 Nbd7 20. Nc3 O-O 21. g5 Nc5 22. gxf6 Qxf6 23. Qxf6 Bxf6 24.
Bc2 Rfd8 25. Be3 Nd7 26. f4 e5 27. f5 a6 28. Kg2 g6 29. Kf3 Kg7 30. Na4 Be7 31.
Nb6 Nc5 32. Nxa8 Rxa8 33. Bxc5 Bxc5 34. Rd7 gxf5 35. exf5 Kf6 36. Rg1 Bxg1 37. Rxb7 Bd4 38. Bb3 Kxf5 39. Rxf7+ Kg6 40. Rb7 Rf8+ 41. Ke2 Rf2+ 42.
Kd3 Rxb2 43. Bf7+ Kf6 44. Rxb2 Bxb2 45. Bc4 Ba3 46. Bxa6 Bb4 47. Bb7 Bxa5 48. Bxc6 Kf5 49. Be4+ Kf4 50. Bxh7 Bd8 51. Be4 Bh4 52. Bc6 Kg3 53.
Ke4 Bf6 54. Bd7 Bg7 55. Bg4 Kh4 56. Bd7 Bh8 57. Bg4 Bg7 58. Bd7 Kg5 59. Bg4 Kf6 60. Bd7 Bh6 61. Bg4 Bf4 62. Be2 Bh2 63. Bg4 Kg5 64. Be2 Kh4 65. Bg4 Bf4 66. Bc8 Kg5 67. Bg4 Kf6 68. Bc8 Ke7 69. Bg4 Bh2 70. Be2 Kd6 71. Bg4 Bg3 72. Be2 Bf4 73. Bg4 Ke7 74.
Be2 Kf6 75. Bg4 Kg5 76. Bc8 Kh4 77. Bg4 Kg3 78. Bc8 Kf2 79. Bg4 Ke1 80. Bc8 Kd2 81.
Bg4 Kc3 82. Bc8 Kb4 83. Bg4 Ka5 84. Bc8 Kb6 85. Bg4 Kc7 86. Be2 Kd6 87. Bg4 Ke7 88. Be2 Kf6 89. Bg4 Kg5 90. Be2 Kh4 91. Bg4 Bh2 92. Bc8 Bg1 93. Bg4 Bd4 94. Bc8 Ba7 95.
Bg4 Kg5 96. Bc8 Bb8 97. Bg4 Kf6 98. Bc8 Ke7 99. Bg4 Kd8 100. Be2 1/2-1/2

[Event "Early-Titled-Tuesday-Blitz-September-12-2023"]
[Site "Chess.com"]
[Date "2023.09.12"]
[Round "9"]
[White "vladislavkovalev"]
[Black "HansOnTwitch"]
[Result "0-1"]
[WhiteElo "2894"]
[BlackElo "3048"]
[TimeControl "180+1"]
[EndTime "9:45:47 PDT"]
[Termination "HansOnTwitch won on time"]

1. e4 c5 2. Nf3 Nc6 3. d4 cxd4 4.
Nxd4 Nf6 5. Nc3 d6 6. Bg5 e6 7. Qd2 a6 8. O-O-O Bd7 9. f3 Be7 10. g4 b5 11. Nxc6 Bxc6 12. h4 Rc8 13. Kb1 h6 14.
Bxf6 Bxf6 15. Qxd6 Qxd6 16. Rxd6 Ke7 17. Rd3 h5 18. g5 Be5 19. a3 Rhd8 20. Bg2 a5 21. Ne2 b4 22. axb4 axb4 23. f4 Bb8 24. Rhd1 Rxd3 25. cxd3 Ba4 26. Rd2 Ba7 27. d4 Bb5 28.
Bf3 g6 29. f5 exf5 30. exf5 gxf5 31. Nf4 Kd6 32. Bxh5 Bc4 33. Be2 Bb3 34. Bd1 Bc4 35. b3 Bb5 36. Be2 Bxe2 37. Rxe2 Bxd4 38. h5 Rc3 39. g6 Rxb3+ 40. Kc1 fxg6 41. Rd2 Ke5 42. Nxg6+ Ke4 43. Re2+ Be3+ 44. Kc2 Rc3+ 45. Kb2 Rc6 46.
Nh4 f4 47. Rh2 f3 48. h6 f2 0-1

[Event "Early-Titled-Tuesday-Blitz-September-12-2023"]
[Site "Chess.com"]
[Date "2023.09.12"]
[Round "9"]
[White "Leonid_Starozhilov"]
[Black "Arek_pacitan"]
[Result "1-0"]
[WhiteElo "2781"]
[BlackElo "2608"]
[TimeControl "180+1"]
[EndTime "9:45:47 PDT"]
[Termination "Leonid_Starozhilov won by resignation"]

1. e4 c5 2. Nf3 d6 3. Bb5+ Bd7 4. c4 Nc6 5. Nc3 Nf6 6. O-O e5 7. a3 Be7 8. Rb1 O-O 9. b4 cxb4 10. axb4 a6 11.
Ba4 Bg4 12. h3 Bxf3 13. Qxf3 Nd4 14. Qd1 Qc7 15. d3 b5 16. Bb3 Nxb3 17. Qxb3 Rfc8 18. Nd5 Nxd5 19. cxd5 Qd8 20. Be3 Bg5 21. Qd1 Bxe3 22.
fxe3 Qg5 23. Qf3 f6 24. Rfc1 h6 25. Rc6 Rxc6 26. dxc6 Rc8 27. Rc1 Kf7 28. c7 Ke7 29.
h4 Qg6 30. Qh3 Qe8 31. h5 Qd7 32. Qg3 Kf8 33. Ra1 Ra8 34. Rc1 Rc8 35. Ra1 Rxc7 36.
Rxa6 Ra7 37. Rb6 Qc7 38. Rxb5 Rb7 39. Rxb7 Qxb7 40. Qe1 Qb5 41. Qc3 Kg8 42. Qc4+ Qxc4 43. dxc4 Kf8 44. Kf2 Ke7 45. Kf3 Ke6 46. Kg4 1-0

[Event "Early-Titled-Tuesday-Blitz-September-12-2023"]
[Site "Chess.com"]
[Date "2023.09.12"]
[Round "9"]
[White "MarijaKuznecova"]
[Black "Andrei_Belozerov"]
[Result "0-1"]
[WhiteElo "2416"]
[BlackElo "2604"]
[TimeControl "180+1"]
[EndTime "9:45:48 PDT"]
[Termination "Andrei_Belozerov won by checkmate"]

1. e4 c5 2. Nf3 d6 3. d4 cxd4 4. Nxd4 Nf6 5. Nc3 Nc6 6. Bg5 e6 7. Qd3 Be7 8. O-O-O a6 9. Bxf6 gxf6 10. Qg3 Qa5 11. f4 Bd7 12. Nb3 Qb6 13. Bd3 O-O-O 14. Rhe1 h5 15. a3 h4 16. Qf3 Rhg8 17. Na4 Qc7 18.
Qf2 Kb8 19. Nb6 Be8 20. g3 hxg3 21. hxg3 Bf8 22. Be2 Ne7 23. Na5 Nc8 24. Nac4 Bb5 25. a4 Bxc4 26. Nxc4 Bh6 27. Kb1 Ne7 28. Qd4 Bg7 29.
Qd3 d5 30. Ne3 dxe4 31. Qxe4 f5 32. Qb4 Nc6 33. Qc4 Qb6 34. Rxd8+ Rxd8 35. Qb3 Qxb3 36. cxb3 Rd2 37. Bc4 Rxb2+ 38. Kc1 Rf2 39. Rh1 Nb4 40.
Rh7 Bc3 41. Rxf7 Ra2 42. Kd1 Rd2+ 43. Kc1 Na2+ 44. Kb1 Rb2+ 45. Ka1 Nb4 46. Rf8+ Ka7 47. Bxe6 Ra2+ 48. Kb1 Ra1# 0-1

[Event "Early-Titled-Tuesday-Blitz-September-12-2023"]
[Site "Chess.com"]
[Date "2023.09.12"]
[Round "9"]
[White "Happy1712Drummer"]
[Black "ural58"]
[Result "0-1"]
[WhiteElo "2351"]
[BlackElo "2543"]
[TimeControl "180+1"]
[EndTime "9:45:48 PDT"]
[Termination "ural58 won on time"]

1. e4 d5 2. exd5 Qxd5 3. Nc3 Qd6 4. d4 c6 5. Nf3 Bf5 6. g3 e6 7. Bf4 Qb4 8. Rb1 Nd7 9. Bg2 Ngf6 10. a3 Qa5 11. O-O Be7 12. Re1 O-O 13. Nh4 Bg4 14. Qd2 Bh5 15. h3 Qd8 16. Nf3 Nd5 17. Ne4 Bg6 18.
c4 Nxf4 19. Qxf4 Nf6 20. Nxf6+ Bxf6 21. Rbd1 Bc2 22. Rd2 Bb3 23. Rc1 a5 24. h4 h6 25.
Ne5 a4 26. Ng4 Be7 27. d5 cxd5 28. cxd5 Bxd5 29. Bxd5 exd5 30. Ne3 Qb8 31. Qxb8 Raxb8 32. Nxd5 Bd8 33. Rc4 b5 34. Re4 f5 35. Ree2 Ba5 36. Rc2 b4 37. axb4 Bxb4 38. Nxb4 Rxb4 39. Re7 Kh8 40.
Rcc7 Rg8 41. Ra7 f4 42. gxf4 Rxf4 43. h5 Rg4+ 44. Kf1 Rh4 45. Re5 Rb8 46. Ree7 Rg4 0-1

[Event "Early-Titled-Tuesday-Blitz-September-12-2023"]
[Site "Chess.com"]
[Date "2023.09.12"]
[Round "9"]
[White "Dacean99"]
[Black "AsselLesbekova"]
[Result "0-1"]
[WhiteElo "2519"]
[BlackElo "2365"]
[TimeControl "180+1"]
[EndTime "9:45:49 PDT"]
[Termination "AsselLesbekova won by resignation"]

1. d4 d5 2. Nf3 e6 3. c4 a6 4. Nc3 dxc4 5. a4 c5 6. e3 cxd4 7. exd4 Qc7 8. g3 Nf6 9. Bf4 Bd6 10. Bxd6 Qxd6 11. Bg2 Nc6 12. O-O O-O 13. Qd2 Rd8 14.
Rad1 Rb8 15. Qg5 h6 16. Qc5 b5 17. axb5 axb5 18. Qxd6 Rxd6 19. Ne5 Ne7 20. Rfe1 Ba6 21.
Na2 Nfd5 22. Ra1 b4 23. Rec1 Rc8 24. Rd1 c3 25. bxc3 b3 26. c4 Bxc4 27. Nxc4 Rxc4 28. Rac1 Rxc1 29. Nxc1 b2 30. Nd3 Nc3 31. Nxb2 Nxd1 32.
Nxd1 Rxd4 33. Ne3 Nf5 34. Nxf5 exf5 35. h4 Kf8 36. Bf3 Ke7 37. Kg2 Kf6 38. Be2 Ke5 39. Bb5 Rb4 40. Be8 f6 41. Bg6 Rb8 42. Bh7 f4 43. g4 Rb2 44. h5 Rd2 45. Bg6 Kd4 46.
Kf3 Rb2 47. Bf5 Kc3 48. Be6 Rb4 49. Bf5 Kd2 50. Be4 Ke1 51. Kxf4 Kxf2 52. Kf5 Kg3 53. g5 fxg5 54. Bd5 Rb5 55. Ke4 Rxd5 56. Kxd5 Kh4 57. Ke6 Kxh5 58. Kf5 g4 59. Kf4 Kh4 0-1

[Event "Early-Titled-Tuesday-Blitz-September-12-2023"]
[Site "Chess.com"]
[Date "2023.09.12"]
[Round "9"]
[White "ploxoi"]
[Black "Grossboss19"]
[Result "1-0"]
[WhiteElo "2413"]
[BlackElo "2529"]
[TimeControl "180+1"]
[EndTime "9:45:50 PDT"]
[Termination "ploxoi won on time"]

1. d4 c6 2. c4 Nf6 3. Nf3 g6 4.
g3 Bg7 5. Bg2 O-O 6. O-O d5 7.
b3 b6 8. Bb2 Bb7 9. Nbd2 Nbd7 10.
Ne5 e6 11. e4 dxe4 12. Nxe4 Nxe4 13. Bxe4 Nxe5 14. dxe5 Qc7 15. f4 Rad8 16. Qe2 c5 17. Rad1 Bxe4 18. Qxe4 h5 19. Kg2 Rxd1 20.
Rxd1 Rd8 21. Qe2 Rd7 22. Bc3 Qd8 23. Rxd7 Qxd7 24. Qf3 Kh7 25. Kf2 b5 26. cxb5 Qxb5 27. Qe4 Qa6 28. Qe2 Qb6 29. Qc4 Bf8 30. f5 gxf5 31. Qh4 c4+ 32. Bd4 Bc5 33. Qxh5+ Kg7 34.
Qg5+ Kf8 35. Qh6+ Ke8 36. Bxc5 Qxc5+ 37. Qe3 Qa5 38. bxc4 Qxa2+ 39. Qe2 Qa1 40. h4 Qd4+ 41. Kg2 a5 42. h5 Kf8 43. h6 Kg8 44. Qh5 Qe4+ 45.
Kh2 Qxe5 46. h7+ Kh8 47. Qxf7 1-0

[Event "Early-Titled-Tuesday-Blitz-September-12-2023"]
[Site "Chess.com"]
[Date "2023.09.12"]
[Round "9"]
[White "lrestevez"]
[Black "ajedrezhoy"]
[Result "0-1"]
[WhiteElo "2135"]
[BlackElo "2386"]
[TimeControl "180+1"]
[EndTime "9:45:51 PDT"]
[Termination "ajedrezhoy won by checkmate"]

1. e4 Nf6 2. e5 Nd5 3. Nc3 Nxc3 4. dxc3 d6 5. Nf3 Nc6 6. Bf4 dxe5 7. Nxe5 Qxd1+ 8. Rxd1 Nxe5 9. Bxe5 c6 10. Bc4 f6 11.
Bf4 e5 12. Be3 Be7 13. Kd2 Bg4 14. f3 Bd7 15. Kc1 b5 16. Bd3 a5 17. Be4 a4 18. a3 O-O-O 19. Rd2 f5 20. Bd3 Kb7 21. Rhd1 Be6 22. Be2 g6 23. f4 exf4 24. Bxf4 Bd5 25. Bf1 Bf6 26. g3 Bf3 27. Rxd8 Rxd8 28. Rxd8 Bxd8 29. Kd2 Bd5 30. c4 bxc4 31. Kc3 Bf6+ 32. Kb4 Bxb2 33. Kxa4 c3 34. Bd3 c5 35. Bd6 Kb6 36. Be7 c4 37. Be2 Be4 38. Bd1 h6 39. Kb4 Bd5 40. Be2 Be4 41. Bd1 Bd3 42. cxd3 cxd3 43. Kb3 Ba1 44. Bb4 c2 45. Bxc2 dxc2 46. Kxc2 Kb5 47. Kb3 g5 48. a4+ Ka6 49. Kc4 Be5 50.
Kd5 Bb8 51. Ke6 f4 52. gxf4 gxf4 53. h4 f3 54. Be1 Ba7 55. Kf5 f2 56. Kg6 fxe1=Q 57. Kh7 Qg3 58. h5 Bd4 59. a5 Qg7# 0-1

[Event "Early-Titled-Tuesday-Blitz-September-12-2023"]
[Site "Chess.com"]
[Date "2023.09.12"]
[Round "9"]
[White "LUISMIGUELOV"]
[Black "Jenia84"]
[Result "1/2-1/2"]
[WhiteElo "2134"]
[BlackElo "2363"]
[TimeControl "180+1"]
[EndTime "9:45:53 PDT"]
[Termination "Game drawn by repetition"]

1. d4 Nf6 2. c3 e6 3. Bg5 b6 4. Nd2 Bb7 5. Ngf3 Be7 6. e3 d6 7. Bd3 Nbd7 8. O-O O-O 9. Qc2 h6 10. Bh4 e5 11. Bxf6 Bxf6 12. Rad1 g6 13. h4 Bg7 14. h5 g5 15. Bh7+ Kh8 16. Bf5 Nf6 17.
dxe5 dxe5 18. Ne4 Qe7 19. Nxf6 Qxf6 20. e4 Bc8 21. g4 Bxf5 22. exf5 Rad8 23. Nd2 Qc6 24.
Ne4 Bf6 25. f3 Kg7 26. Kg2 a5 27. b3 Qb5 28. c4 Qb4 29. Rxd8 Rxd8 30. Rd1 Rd4 31. Rxd4 exd4 32. Qd3 Qe7 33. a4 Qe5 34. Ng3 c5 35. Qe4 Qd6 36. Qd3 Qf4 37. Ne2 Qd6 38.
Ng3 Bd8 39. Ne4 Qf4 40. Qd2 Bc7 41. Qxf4 Bxf4 42. Kf1 f6 43. Ke2 Kf7 44. Kd3 Ke7 45. Nf2 Kd6 46. Ne4+ Ke5 47. Nf2 Be3 48. Ne4 Bc1 49.
Ke2 Bb2 50. Kd3 Bc3 51. Ng3 Kf4 52. Ne4 Ke5 53. Ng3 Be1 54. Ne4 Bc3 1/2-1/2

[Event "Early-Titled-Tuesday-Blitz-September-12-2023"]
[Site "Chess.com"]
[Date "2023.09.12"]
[Round "9"]
[White "JimDiGrease"]
[Black "OparinGrigoriy"]
[Result "1-0"]
[WhiteElo "2874"]
[BlackElo "3005"]
[TimeControl "180+1"]
[EndTime "9:45:54 PDT"]
[Termination "JimDiGrease won by resignation"]

1. d4 Nf6 2. c4 e6 3. Bf4 b6 4. Nc3 Bb7 5. e3 Bb4 6. Ne2 O-O 7. a3 Be7 8. d5 Re8 9. Ng3 d6 10. Be2 Nbd7 11. e4 Bf8 12. O-O g6 13. b4 Bg7 14.
Rc1 a5 15. Qd2 axb4 16. axb4 Ne5 17. dxe6 Rxe6 18. Rfd1 Nc6 19. Rb1 Ra3 20. Nb5 Rxg3 21. Bxg3 Nxe4 22. Qc2 h5 23. Bf3 h4 24. Bf4 Qe7 25.
Re1 Ng5 26. Rxe6 Nxf3+ 27. gxf3 Qxe6 28. Qe4 Qd7 29. Re1 Be5 30. Bxe5 dxe5 31. Nc3 Kg7 32. Nd5 f6 33. Qxh4 Qf5 34. Re3 Nd4 35. f4 Bxd5 36. cxd5 g5 37. fxg5 Nf3+ 38. Rxf3 Qxf3 39. Qh6+ Kf7 40.
Qxf6+ Qxf6 41. gxf6 Kxf6 42. h4 Kf5 43. Kg2 Kg4 44.
b5 Kxh4 45. Kf3 Kg5 46. Ke4 Kf6 47. f3 Kf7 48. Kxe5 Ke7 49. f4 Kf7 50. d6 1-0

[Event "Early-Titled-Tuesday-Blitz-September-12-2023"]
[Site "Chess.com"]
[Date "2023.09.12"]
[Round "9"]
[White "jcibarra"]
[Black "Vuk2000"]
[Result "1-0"]
[WhiteElo "2934"]
[BlackElo "2760"]
[TimeControl "180+1"]
[EndTime "9:45:54 PDT"]
[Termination "jcibarra won by resignation"]

1. e4 e6 2. d4 d5 3. Nc3 Bb4 4. Ne2 dxe4 5. a3 Be7 6. Nxe4 Nf6 7. Nxf6+ Bxf6 8. Be3 Nc6 9. c3 Ne7 10. Ng3 Nd5 11.
Bd2 Bg5 12. Bd3 Bd7 13. O-O Bxd2 14. Qxd2 O-O 15. Rae1 Rc8 16. Re5 b6 17. Rh5 f5 18.
Re1 Qf6 19. Rh3 Rce8 20. Nh5 Qf7 21. Qg5 g6 22. c4 Nf6 23. Nf4 c5 24. dxc5 e5 25.
Nd5 e4 26. Bf1 bxc5 27. Qc1 Be6 28. Nf4 Rd8 29. Rg3 Kh8 30. b4 Rc8 31. b5 Rcd8 32. h4 Rd4 33. Qc3 Kg8 34. h5 Ng4 35. hxg6 hxg6 36.
f3 Ne5 37. Ne2 Rfd8 38. Nxd4 cxd4 39. Qc1 e3 40. f4 Ng4 41. Bd3 Rc8 42. Qb2 Qd7 43.
Qb4 Qc7 44. Rc1 Qxf4 45. Rxg4 Qf2+ 46. Kh1 fxg4 47. Qe7 Qf6 48. Qxf6 1-0

[Event "Early-Titled-Tuesday-Blitz-September-12-2023"]
[Site "Chess.com"]
[Date "2023.09.12"]
[Round "9"]
[White "IMTominho"]
[Black "crazy_but_lazy"]
[Result "1-0"]
[WhiteElo "2833"]
[BlackElo "2636"]
[TimeControl "180+1"]
[EndTime "9:45:54 PDT"]
[Termination "IMTominho won by resignation"]

1. g3 d5 2. Bg2 c6 3. b3 Nf6 4. Bb2 g6 5. Nf3 Bg7 6. O-O O-O 7. e3 b6 8. d4 Bb7 9. Re1 Nbd7 10. Nbd2 e6 11. c4 Rc8 12. a4 c5 13. h3 Qc7 14.
a5 Rfd8 15. Qb1 dxc4 16. bxc4 Bc6 17. Bc3 Qb7 18. Kh2 Ne4 19. Nxe4 Bxe4 20. Qd1 cxd4 21. exd4 Rxc4 22. Nd2 Bxg2 23. Nxc4 Bd5 24. Ne3 Nf6 25. a6 Qd7 26. Nxd5 Nxd5 27. Bb2 h5 28. Qf3 Qb5 29. Qe2 Qd7 30. Rac1 h4 31. gxh4 Qd6+ 32. Kg1 Qf4 33. Qg4 Bf6 34. Qxf4 Nxf4 35. Rc7 Nd3 36.
Re2 Bxh4 37. Rxa7 Rd5 38. Ra8+ Kg7 39. Rc2 Nb4 40. Rc7 Bf6 41. a7 Rg5+ 42. Kf1 Nd5 43. Rb7 Rf5 44. Rd8 Bh4 45. a8=Q Rxf2+ 46. Kg1 Ne3 47.
Rg8+ Kf6 48. Qd8+ Kf5 49. Qxh4 Rf1+ 50. Kh2 1-0